 Dungeon Crawl Stone Soup version 0.17-a0-1093-g0b3cd89 (webtiles) character file.

60 Jakers the Chopper (level 3, -1/33 HPs)
             Began as a Minotaur Berserker on May 20, 2015.
             Was a Believer of Trog.
             Slain by an ogre
             ... wielding a +0 giant spiked club
              (8 damage)
             ... on level 5 of the Dungeon.
             The game lasted 00:11:56 (1555 turns).

Jakers the Chopper (Minotaur Berserker)             Turns: 1555, Time: 00:11:56

Health: -1/33      AC:  8    Str: 22    XL:     3   Next: 80%
Magic:  2/2        EV: 12    Int:  4    God:    Trog [**....]
Gold:   102        SH:  0    Dex:  9    Spells: 0 memorised, 2 levels left

rFire  . . .     SeeInvis .     a - +0 hand axe
rCold  . . .     Clarity  .     m - +1 leather armour {rPois}
rNeg   . . .     SustAb   .     (no shield)
rPois  +         Gourm    .     (helmet restricted)
rElec  .         Spirit   .     (no cloak)
rCorr  .         Warding  .     l - +0 pair of gloves
rMut   .         Stasis   .     (no boots)
MR     .....                    (no amulet)
Stlth  +.........               (no ring)
                                (no ring)

@: not resistant to hostile enchantments, very unstealthy
A: retaliatory headbutt, horns 2, iridescent scales 1, deformed body, mutation
resistance 1
a: Burn Spellbooks, Berserk, Trog's Hand, Renounce Religion


You were on level 5 of the Dungeon.
You worshipped Trog.
Trog was pleased with you.
You were not hungry.

You visited 1 branch of the dungeon, and saw 5 of its levels.

You collected 102 gold pieces.

Inventory:

Hand weapons
 a - a +0 hand axe (weapon)
Missiles
 c - 4 tomahawks (quivered)
Armour
 l - a +0 pair of gloves (worn)
 m - a +1 leather armour of poison resistance (worn)
Jewellery
 g - an uncursed amulet of faith {unknown}
Scrolls
 b - 2 scrolls of fear {unknown}
 d - a scroll of blinking
 e - a scroll of remove curse {unknown}
 h - a scroll of noise {unknown}
 i - a scroll of enchant armour {unknown}
 j - 2 scrolls of identify
Potions
 f - 2 potions of cancellation {unknown}
 k - a potion of haste {unknown}
 n - 2 potions of poison {unknown}
 o - a potion of heal wounds {unknown}
 p - a potion of berserk rage {unknown}


   Skills:
 + Level 4.3 Fighting
 + Level 4.5 Axes
 + Level 3.1 Armour
 + Level 2.6 Dodging


You had 2 spell levels left.
You didn't know any spells.

Dungeon Overview and Level Annotations

Branches:
Dungeon (5/15)             Temple (0/1) D:5

Altars:
Yredelemnul


Innate Abilities, Weirdness & Mutations

You reflexively headbutt those who attack you in melee.
You have a pair of horns on your head.
You are partially covered in iridescent scales (AC +4).
Armour fits poorly on your strangely shaped body.
You are somewhat resistant to further mutation.


Message History

The iguana closely misses you. You furiously retaliate!
You headbutt the iguana, but do no damage.
A kobold comes into view. It is wielding a dagger.
The iguana bites you.
* * * LOW HITPOINT WARNING * * *
The iguana barely misses you.
Found a scroll labeled HIX UKKESYRRUN.
Found 9 bolts.
Found a staircase to the Ecumenical Temple.
You see here 9 bolts.
A centaur comes into view.
The centaur shouts!
The centaur wields a glowing shortbow.
The centaur shoots an arrow.
The arrow misses you.
You barely miss the kobold. You hit the ogre.
The ogre is moderately wounded.
The centaur shoots an arrow.
The arrow hits you.
* * * LOW HITPOINT WARNING * * *
The ogre hits you with a giant spiked club!
You die...

.......................
###..............#####
..###########..[.#
..'..............#
..########.......####
....# #....#.....#
###.# ..........#.# .#
....c...K.#l# #
........@(#.#
...##.##O##(## .
#.....l...#
...?...........#
..#..⌠...⌠..#..#
#.........##.#
......>.......#
+##.........#..#
#..⌠...⌠..#...


You could see an ogre, a centaur, an iguana and a kobold.

Vanquished Creatures
  A gnoll (D:1)
  An adder (D:2)
  A worm (D:3)
  A giant gecko (D:3)
  4 orcs (D:3)
  A bat zombie (D:3)
  4 giant cockroaches
  3 goblins
  2 hobgoblins
  3 bats
  A giant gecko zombie (D:3)
  2 giant newts
  4 kobolds
  6 rats
  4 plants (D:3)
38 creatures vanquished.

Notes
Turn   | Place    | Note
--------------------------------------------------------------
     0 | D:1      | Jakers the Minotaur Berserker began the quest for the Orb.
     0 | D:1      | Reached XP level 1. HP: 19/19 MP: 0/0
    91 | D:1      | Reached skill level 4 in Fighting
    91 | D:1      | Reached XP level 2. HP: 13/27 MP: 1/1
   671 | D:2      | Reached XP level 3. HP: 20/33 MP: 2/2
   884 | D:3      | Found a basalt altar of Yredelemnul.
  1048 | D:3      | Acquired Trog's second power
  1134 | D:3      | Gained mutation: You are partially covered in iridescent scales (AC +4). [potion of mutation]
  1134 | D:3      | Gained mutation: Armour fits poorly on your strangely shaped body. [potion of mutation]
  1134 | D:3      | Gained mutation: You are somewhat resistant to further mutation. [potion of mutation]
  1502 | D:5      | Entered Level 5 of the Dungeon
  1538 | D:5      | Noticed an ogre
  1548 | D:5      | Found a staircase to the Ecumenical Temple.
  1554 | D:5      | Noticed a centaur
  1555 | D:5      | Slain by an ogre

Vault maps used:
D:1:      erik_arrival_cave_to_civilisation
D:2:      minmay_ruptured
D:3:      grunt_temple_overflow_cloverleaf, serial_undead, serial_undead_b,
          serial_undead_f, serial_undead_e, serial_undead_d,
          yredelemnul_altar_generic
D:4:      first_bread, grunt_ministairs_14, nrook_mini_vaults, uniq_grinder,
          uniq_sigmund
D:5:      minmay_temple_entry_large_hall

Action                   || total
-------------------------++-------
Melee: Hand axe          ||   143
Throw: Tomahawk          ||     1
Invok: Berserk           ||     3
  Use: Scroll            ||     3
       Potion            ||     1
  Eat: Chunk             ||     3
       Bread ration      ||     1
       Pizza             ||     1
